 Dungeon Crawl Stone Soup version 0.29.1-2-gbd0b4ee654 (webtiles) character file.

Game seed: 9234698927236176266

550 Icepheonix32 the Reanimator (level 7, 0/36 HPs)
             Began as a Deep Elf Necromancer on Nov 2, 2022.
             Slain by an ogre
             ... wielding a +0 giant club
              (27 damage)
             ... on level 4 of the Dungeon.
             The game lasted 00:07:08 (4753 turns).

Icepheonix32 the Reanimator (Deep Elf Necromancer)  Turns: 4753, Time: 00:07:09

Health: 0/36       AC:  4    Str: 13      XL:     7   Next: 7%
Magic:  5/13       EV: 12    Int: 17 (20) God:
Gold:   228        SH:  0    Dex: 14 (15) Spells: 8/12 levels left

rFire   . . .      SeeInvis .   d - +2 dagger (speed)
rCold   . . .      Faith    .   (no shield)
rNeg    . . .      Spirit   .   q - +0 leather armour
rPois   .          Reflect  .   (no helmet)
rElec   .          Harm     .   (no cloak)
rCorr   .          Rampage  .   (no gloves)
Will    .....                   w - +0 pair of boots
Stlth   ++........              (no amulet)
HPRegen 0.12/turn               o - +6 ring of strength
MPRegen 0.13/turn               (no ring)

@: no status effects
A: no striking features
a: no special abilities


You were on level 4 of the Dungeon.
You visited 1 branch of the dungeon, and saw 4 of its levels.

You collected 228 gold pieces.

Inventory:

Hand Weapons
 d - a +2 dagger of speed (weapon)
 k - a +2 dagger of speed
Armour
 a - a +0 robe
 i - +0 storm dragon scales
 q - a +0 leather armour (worn)
 w - a +0 pair of boots (worn)
Jewellery
 o - a +6 ring of strength (left hand)
 p - an amulet of faith
Scrolls
 c - a scroll of enchant armour {unknown}
 f - a scroll of enchant weapon {unknown}
 h - a scroll of noise {unknown}
 j - 4 scrolls of identify {unknown}
 n - a scroll of magic mapping {unknown}
 r - 2 scrolls of vulnerability {unknown}
 s - a scroll of poison {unknown}
 t - a scroll of amnesia {unknown}
 x - a scroll of teleportation {unknown}
Potions
 b - a potion of magic
 e - 3 potions of curing
 g - a potion of flight
 l - a potion of might
 m - a potion of resistance {unknown}
 u - a potion of lignification {unknown}
 v - a potion of heal wounds {unknown}
 z - a potion of brilliance {unknown}


   Skills:
 + Level 1.8 Armour
 + Level 3.4 Dodging
 - Level 2.4 Stealth
 - Level 3.0 Spellcasting
 + Level 9.5 Necromancy


You had 8 spell levels left.
You knew the following spells:

 Your Spells              Type           Power      Damage    Failure   Level
a - Necrotise             Necr           100%       1d9       1%          1
b - Vampiric Draining     Necr           34%        2d8       1%          3

Your spell library contained the following spells:

 Spells                   Type           Power      Damage    Failure   Level
 Animate Dead             Necr           34%        N/A       4%          4
 Agony                    Necr           34%        N/A       12%         5
 Gell's Gravitas          Tloc           2%         N/A       54%         3
 Lesser Beckoning         Tloc           2%         N/A       54%         3
 Teleport Other           Tloc           2%         N/A       54%         3
 Summon Forest            Summ/Tloc      1%         N/A       99%         5
 Summon Mana Viper        Hex/Summ       2%         N/A       99%         5
 Summon Cactus Giant      Summ           1%         N/A       100%        6


Dungeon Overview and Level Annotations

Branches:
Dungeon (4/15)
 Temple: D:4-7

Altars:
Dithmenos
Makhleb
Vehumet

Shops:
D:1 =   D:3 [


Message History

The orc hits your orc skeleton with a +0 falchion!
Your orc skeleton is destroyed!
The orc writhes in agony!
You kill the orc!
The dead are walking!
You can't see any susceptible monsters within range! (Use Z to cast anyway.)
You can't see any susceptible monsters within range! (Use Z to cast anyway.)
Your orc priest skeleton crumbles into dust!
Your orc skeleton crumbles into dust!
A ball python is nearby!
A ball python is nearby!
The ball python hisses angrily.
The ball python writhes in agony.
You kill the ball python!
You can't see any susceptible monsters within range! (Use Z to cast anyway.)
You can't see any susceptible monsters within range! (Use Z to cast anyway.)
Your ball python skeleton crumbles into dust!
Things that are here:
a +0 dagger; a +0 dagger; a +0 leather armour
Things that are here:
a +0 club; an orc corpse
z - a golden potion You now have 228 gold pieces (gained 10).
Things that are here:
a +0 falchion; a +0 leather armour An ogre comes into view.
It is wielding a +0 giant club.
The ogre shouts!
An ogre is nearby!
The ogre barely resists.
The ogre writhes in agony.
The ogre barely resists.
The ogre completely misses you.
The ogre writhes in agony.
The ogre writhes in agony!
The ogre hits you with a +0 giant club!
The ogre barely resists.
The ogre misses you.
The ogre writhes in agony!
The ogre writhes in agony!
The ogre closely misses you.
The ogre writhes in agony.
The ogre hits you with a +0 giant club!!
Ouch! That really hurt!
You die...

. # . #. # .. . .#
####..##. # .. #.O...... .
.. .######@####### .##. #.
..............# .##.# .
.######.#####.###. .....
#..# #.##.. ..# #.##
#.##.######) #.#
#.##.#...###
#.#######.######.##..###.##
#............).......# #.##
########.....))).##..###.##


You could see an ogre.

Vanquished Creatures
  Grinder (D:3)
  A black bear (D:4)
  2 orc priests
  4 gnolls (D:4)
  7 adders
  3 worms
  2 dart slugs
  7 orcs
  5 endoplasms
  2 giant cockroaches
  11 goblins
  12 hobgoblins
  5 jackals (D:3)
  6 quokkas
  8 ball pythons
  5 bats
  4 frilled lizards
  6 kobolds
  7 rats
98 creatures vanquished.

Vanquished Creatures (collateral kills)
  An orc (D:4)
  A hobgoblin (D:4)
  A jackal (D:3)
3 creatures vanquished.

Grand Total: 101 creatures vanquished

Notes
Turn   | Place    | Note
-------+----------+-------------------------------------------
     0 | D:1      | Icepheonix32 the Deep Elf Necromancer began the quest for
                  | the Orb.
     0 | D:1      | Reached XP level 1. HP: 10/10 MP: 6/6
   119 | D:1      | Reached skill level 5 in Necromancy
   217 | D:1      | Reached XP level 2. HP: 12/15 MP: 1/8
   935 | D:1      | Found Pautas's Jewellery Shop.
  1237 | D:1      | Reached XP level 3. HP: 19/19 MP: 9/9
  1479 | D:2      | Reached skill level 6 in Necromancy
  2412 | D:3      | Reached XP level 4. HP: 24/24 MP: 6/10
  2515 | D:3      | Found a faded altar of an unknown god.
  2635 | D:3      | Found a shadowy altar of Dithmenos.
  2789 | D:3      | Learned a level 3 spell: Vampiric Draining
  2851 | D:3      | Reached skill level 7 in Necromancy
  3243 | D:3      | Reached XP level 5. HP: 28/28 MP: 8/11
  3390 | D:3      | Noticed Grinder
  3421 | D:3      | Killed Grinder
  3422 | D:3      | Reached skill level 1 in Armour
  3422 | D:3      | Reached skill level 8 in Necromancy
  3422 | D:3      | Reached XP level 6. HP: 29/32 MP: 12/12
  3695 | D:3      | Found Vihot's Antique Armour Shop.
  4260 | D:4      | Found a radiant altar of Vehumet.
  4271 | D:4      | Found a burning altar of Makhleb.
  4324 | D:4      | Reached skill level 9 in Necromancy
  4601 | D:4      | Reached XP level 7. HP: 36/36 MP: 10/13
  4753 | D:4      | Slain by an ogre

Illustrated notes

Levels and vault maps discovered:
D:1:      matt_arrival_debris, layout_basic, serial_shops,
          nicolae_shop_behind_doors
D:2:      layout_basic, feat_on_display
D:3:      corexii_shack_village, layout_rooms, grunt_dithmenos_smoke,
          shapermc_ecumenical_altar_petra, serial_shops,
          nicolae_shop_hallway_plus, minivault_26, minmay_close_crescents,
          uniq_grinder
D:4:      layout_loops_ring, bloody_makhleb, nicolae_overflow_crystal_walls,
          hangedman_abyss_or_decor_lesser_grid

Skill      XL: |  1  2  3  4  5  6 |
---------------+-------------------+-----
Necromancy     | 5 6 7 8 9 |  9.5
Armour         | 1 |  1.8
Dodging        | 3 |  3.4
Stealth        | |  2.4
Spellcasting   | |  3.0

Action                   |  1- 3 |  4- 6 |  7- 9 || total
-------------------------+-------+-------+-------++-------
Melee: Dagger            |    14 |    51 |       ||    65
 Cast: Necrotise         |    67 |   102 |    18 ||   187
  Use: Potion            |       |     6 |       ||     6
 Stab: Sleeping          |     4 |       |       ||     4
Armor: Robe              |     1 |       |       ||     1
       Leather armour    |     1 |    19 |       ||    20
Dodge: Dodged            |    24 |    35 |     3 ||    62
